 Dungeon Crawl Stone Soup version 0.28.0-43-g3370ac3207 (webtiles) character file.

Game seed: 14731044421576114866

42303 pkoi the Martial Artist (level 13, -12/186 HPs)
             Began as a White Draconian Monk on Mar 11, 2022.
             Was a High Priest of Okawaru.
             Mangled by a komodo dragon (13 damage)
             ... on level 6 of the Lair of Beasts.
             The game lasted 00:34:53 (23254 turns).

pkoi the Martial Artist (White Draconian Monk)     Turns: 23254, Time: 00:34:53

Health: -12/186    AC: 19    Str: 16    XL:     13   Next: 84%
Magic:  29/29      EV: 16    Int: 17    God:    Okawaru [*****.]
Gold:   753        SH:  5    Dex: 14    Spells: 6/18 levels left

rFire   + + +      SeeInvis .   i - +12 dagger of Diet Blood {speed, rC+}
rCold   + + +      Faith    .   (no shield)
rNeg    . . .      Spirit   .   (armour unavailable)
rPois   +          Reflect  +   c - +1 hat {Will+}
rElec   +          Harm     .   u - +1 cloak {Stlth+}
rCorr   +          Rampage  .   r - +0 pair of gloves
Will    +++..                   w - +2 pair of boots "Sophen" {rElec}
Stlth   ..........              e - amulet of reflection
HPRegen 0.41/turn               y - ring "Wukkigih" {Will++ rCorr AC+4}
MPRegen 0.21/turn               q - ring of Ceucan {rPois rF+++ MP+9 Str+2 Stlth-}

@: berserking, resistant, studying 2 skills, very quick
A: breathe frost, AC +8, unfitting armour, cold resistance 1, cold-blooded,
clever 1, robust 1
a: Breathe Frost, Renounce Religion, Heroism, Finesse, Duel


You were on level 6 of the Lair of Beasts.
You worshipped Okawaru.
Okawaru was extremely pleased with you.
You visited 3 branches of the dungeon, and saw 17 of its levels.

You collected 907 gold pieces.
You spent 154 gold pieces at shops.

Inventory:

Hand Weapons
 i - the +12 dagger of Diet Blood (weapon) {speed, rC+}
   (You bought it in a shop on level 2 of the Dungeon)

   Attacks with this weapon are significantly faster.
   rC:        It protects you from cold.
 j - a +1 whip of venom
Missiles
 a - 11 javelins
 l - 18 poisoned darts (quivered)
 p - 11 datura-tipped darts
 x - 3 throwing nets
Armour
 c - a +1 hat of willpower (worn)
 r - a +0 pair of gloves (worn)
 u - a +1 cloak of stealth (worn)
 w - the +2 pair of boots "Sophen" (worn) {rElec}
   (Okawaru gifted it to you on level 10 of the Dungeon)

   rElec:     It insulates you from electricity.
Jewellery
 e - an amulet of reflection (around neck)
 q - the ring of Ceucan (right hand) {rPois rF+++ MP+9 Str+2 Stlth-}
   (You found it on level 6 of the Dungeon)

   [ring of magical power]

   Str:       It affects your strength (+2).
   rF:        It renders you almost immune to fire.
   rPois:     It protects you from poison.
   MP:        It affects your magic capacity (+9).
   Stlth:     It makes you less stealthy.
 y - the ring "Wukkigih" (left hand) {Will++ rCorr AC+4}
   (You acquired it on level 2 of the Lair of Beasts)

   [ring of protection]

   AC:        It affects your AC (+4).
   rCorr:     It protects you from acid and corrosion.
   Will:      It greatly increases your willpower.
 E - a ring of see invisible
Wands
 m - a wand of paralysis (16)
 t - a wand of digging (10)
Scrolls
 d - 2 scrolls of amnesia
 f - a scroll of enchant armour
 k - a scroll of enchant weapon {unknown}
 o - a scroll of teleportation
 z - a scroll of magic mapping
 D - a scroll of identify
Potions
 b - 3 potions of brilliance
 g - 2 potions of haste
 h - 2 potions of magic
 s - 6 potions of curing
 A - a potion of cancellation
 B - a potion of might
 C - a potion of resistance
 F - a potion of invisibility {unknown}
Miscellaneous
 v - a condenser vane


   Skills:
 - Level 10.0 Fighting
 + Level 8.1 Short Blades
 + Level 8.6 Dodging
 - Level 9.0 Stealth
 + Level 12.6 Unarmed Combat
 + Level 3.2 Spellcasting
 + Level 4.2 Ice Magic
 + Level 10.6 Invocations
 + Level 7.9 Evocations


You had 6 spell levels left.
You knew the following spells:

 Your Spells              Type           Power      Damage    Failure   Level
a - Passwall              Tmut/Erth      1%         N/A       26%         2
b - Ozocubu's Armour      Ice            17%        N/A       9%          3
c - Ozocubu's Refrigerat  Ice            8%         4d6       100%        7

Your spell library contained the following spells:

 Spells                   Type           Power      Damage    Failure   Level
 Foxfire                  Conj/Fire      8%         2x1d4     17%         1
 Sandblast                Erth           4%         2d4       17%         1
 Static Discharge         Conj/Air       2%         N/A       26%         2
 Confusing Touch          Hex            2%         N/A       45%         3
 Conjure Flame            Conj/Fire      2%         6-21      45%         3
 Inner Flame              Hex/Fire       2%         N/A       45%         3
 Stone Arrow              Conj/Erth      4%         3d7       45%         3
 Dispel Undead            Necr           2%         3d7       86%         4
 Flame Wave               Conj/Fire      2%         2d4       86%         4
 Sticky Flame             Conj/Fire      2%         2d3       86%         4
 Lightning Bolt           Conj/Air       1%         1d12      99%         5
 Yara's Violent Unravell  Hex/Tmut       1%         3d3       99%         5
 Enfeeble                 Hex            1%         N/A       100%        7
 Lehudib's Crystal Spear  Conj/Erth      1%         10d2      100%        8
 Maxwell's Capacitive Co  Air            1%         ∞         100%        8
 Animate Armour           Summ/Erth      Unusable   N/A       N/A         4

Dungeon Overview and Level Annotations

Branches:
Dungeon (10/15)            Temple (1/1) D:4            Lair (6/6) D:8
 Shoals (0/4) Lair:4       Spider (0/4) Lair:3        Slime (0/5) Lair:6
    Orc: D:9-12

Altars:
Ashenzari
Cheibriados
Dithmenos
Elyvilon
Fedhas
Gozag
Hepliaklqana
Kikubaaqudgha
Makhleb
Nemelex Xobeh
Okawaru
Qazlal
Ru
Sif Muna
Trog
Uskayaw
Vehumet
Wu Jian
Xom
Yredelemnul
Zin
The Shining One
Jiyva

Shops:
D:2 (   D:8 *


Innate Abilities, Weirdness & Mutations

You can breathe waves of freezing cold which knock back foes.
Your icy white scales are hard. (AC +8)
You cannot fit into any form of body armour.
Your flesh is cold resistant. (rC+)
You are cold-blooded and may be slowed by cold attacks.
Your mind is acute. (Int +2)
You are robust. (+10% HP)


Message History

* * * LOW HITPOINT WARNING * * *
You hit the komodo dragon but do no damage.
The komodo dragon is heavily wounded.
It was a potion of resistance.
You feel protected.
Your surroundings suddenly seem different.
Found 22 gold pieces.
A sourceless malevolence fills the Lair of Beasts... and a teleportation trap spontaneously manifests!
You are yanked towards some nearby monsters!
Your surroundings suddenly seem different.
A hell rat, a komodo dragon and a water moccasin come into view.
Found a potion of curing and a robe.
The komodo dragon moves out of view.
The cane toad croaks.
A rime drake comes into view.
Found a scroll of enchant armour.
Okay, then.
Unknown command.
Unknown command.
A hell rat comes into view.
Found 15 stones.
Found a stone staircase leading up.
A hell rat comes into view.
Found a viscous altar of Jiyva. 2 hell rats come into view.
Found a staircase to the Slime Pits.
The cane toad misses you. The komodo dragon closely misses you.
The komodo dragon misses you.
There is a stone staircase leading up here.
A red film seems to cover your vision as you go berserk!
Your finesse ends abruptly.
You feel yourself moving faster!
You feel mighty!
You feel like a meek peon again. The cane toad misses you.
The komodo dragon misses you.
You barely miss the cane toad. You tail-slap the cane toad.
The cane toad is lightly wounded.
You puncture the cane toad!
The cane toad is moderately wounded.
The cane toad stings you!
* * * LOW HITPOINT WARNING * * *
The komodo dragon bites you!
You die...

...............##
.............#..#
..............#.### ##
..............#.#.###.#
....................P.#
................._>...#
........S.............#
..................P..#
...............F@....#
.r.............l.....#
.r............(.....P.
r....................#
r.r.................####
.........##........##.## #
........P.P...........#####
.......P..............PP.
...P..........<.P...


You could see a komodo dragon and a cane toad.

Vanquished Creatures
  Gastronok (D:10)
  Harold (Lair:1)
  3 hydras
  Erica (Lair:1)
  2 two-headed ogres (D:10)
  14 death yaks
  7 elephants (Lair:6)
  6 black mambas
  A rime drake (Lair:6)
  10 cane toads
  13 komodo dragons
  2 hornets
  6 polar bears
  8 blink frogs
  A spriggan (Lair:4)
  A wraith (D:5)
  3 culicivoras (Lair:3)
  4 wyverns
  43 yaks
  4 basilisks
  5 vampire mosquitoes
  2 acid dragons (D:8)
  11 water moccasins
  2 orc warriors
  3 necrophages
  2 black bears
  A hornet zombie (D:6)
  An ice beast (D:6)
  12 wolves
  8 centaurs
  15 bullfrogs
  7 scorpions
  A water moccasin skeleton (D:6)
  5 wights
  2 electric eels (Lair:3)
  3 centaur zombies
  A hound (D:6)
  A jelly (D:6)
  3 orc priests
  2 bullfrog skeletons
  6 iguanas
  7 orc wizards
  4 hell rats (Lair:5)
  3 hound skeletons (D:5)
  A howler monkey zombie (D:9)
  A howler monkey skeleton (D:5)
  5 adders
  2 shadow imps
  An ufetubus (D:6)
  2 worms
  4 dart slugs
  26 orcs
  6 ball pythons
  3 endoplasms
  4 giant cockroaches
  12 hobgoblins
  A jackal (D:4)
  8 quokkas
  7 bats
  3 frilled lizards
  8 goblins
  6 kobolds
  7 rats
345 creatures vanquished.

Vanquished Creatures (others)
  An orc (D:8)
  A bush (Lair:6)
  27 fungi
  46 plants
75 creatures vanquished.

Grand Total: 420 creatures vanquished

Notes
Turn   | Place    | Note
-------+----------+-------------------------------------------
     0 | D:1      | pkoi the Draconian Monk began the quest for the Orb.
     0 | D:1      | Reached XP level 1. HP: 19/19 MP: 1/1
   252 | D:1      | Reached XP level 2. HP: 23/26 MP: 2/2
   552 | D:1      | Reached skill level 4 in Unarmed Combat
   851 | D:1      | Reached XP level 3. HP: 31/31 MP: 3/3
  1030 | D:1      | Found a faded altar of an unknown god.
  1378 | D:2      | Identified the +1 leather armour of Perpetual Drought {rN+
                  | Str-3 Dex+3}
  1491 | D:2      | Found Nuatugi's Antique Weapon Shoppe.
  2125 | D:3      | Reached skill level 5 in Unarmed Combat
  2125 | D:3      | Reached XP level 4. HP: 36/38 MP: 4/4
  3199 | D:4      | Gained mutation: You are robust. (+10% HP) [potion of
                  | mutation]
  3199 | D:4      | Gained mutation: Your mind is acute. (Int +2) [potion of
                  | mutation]
  3472 | D:4      | Noticed a scorpion
  3474 | D:4      | Noticed a black bear
  3509 | D:3      | Killed a scorpion
  3510 | D:3      | Reached skill level 6 in Unarmed Combat
  3510 | D:3      | Reached XP level 5. HP: 13/49 MP: 5/5
  4306 | D:4      | Found a staircase to the Ecumenical Temple.
  4393 | Temple   | Entered the Ecumenical Temple
  4790 | Temple   | Became a worshipper of Warmaster Okawaru
  4790 | Temple   | Reached * piety under Okawaru
  4790 | Temple   | Reached ** piety under Okawaru
  5033 | D:4      | Killed a black bear
  5034 | D:4      | Reached XP level 6. HP: 34/57 MP: 4/6
  5263 | D:5      | Entered Level 5 of the Dungeon
  5566 | D:5      | Reached skill level 1 in Invocations
  5630 | D:5      | Found a white marble altar of Elyvilon.
  5724 | D:5      | Noticed a vampire mosquito
  5726 | D:5      | Noticed a wraith
  5729 | D:5      | Killed a vampire mosquito
  5730 | D:5      | Reached skill level 7 in Unarmed Combat
  5730 | D:5      | Your scales start taking on an icy white colour.
  5730 | D:5      | Reached XP level 7. HP: 64/64 MP: 6/8
  5730 | D:5      | Gained mutation: Your flesh is cold resistant. (rC+) [White
                  | Draconian growth]
  5738 | D:5      | Killed a wraith
  6019 | D:5      | Reached *** piety under Okawaru
  6147 | D:5      | Reached XP level 8. HP: 66/73 MP: 8/10
  6560 | D:6      | Reached skill level 5 in Fighting
  6623 | D:6      | Reached skill level 8 in Unarmed Combat
  6732 | D:6      | Identified the ring of Ceucan {rPois rF+++ MP+9 Str+2
                  | Stlth-}
  7085 | D:6      | Reached skill level 9 in Unarmed Combat
  7559 | D:6      | Reached **** piety under Okawaru
  7832 | D:2      | Bought a masterwork dagger for 154 gold pieces
  7832 | D:2      | Identified the +12 dagger of Diet Blood {speed, rC+} (You
                  | bought it in a shop on level 2 of the Dungeon)
  7986 | D:7      | Received a gift from Okawaru
  8314 | D:7      | Reached XP level 9. HP: 75/81 MP: 11/11
  8743 | D:6      | Reached skill level 1 in Short Blades
  9467 | D:8      | Reached skill level 10 in Unarmed Combat
  9467 | D:8      | Reached skill level 1 in Evocations
  9695 | D:8      | Found Zugon's General Store.
 10335 | D:8      | Noticed a komodo dragon
 10359 | D:8      | Killed a komodo dragon
 10606 | D:8      | Noticed a komodo dragon
 10621 | D:8      | Killed a komodo dragon
 11137 | D:8      | Reached skill level 5 in Stealth
 11272 | D:8      | Reached skill level 5 in Dodging
 11471 | D:8      | Noticed a komodo dragon
 11929 | D:8      | Killed a komodo dragon
 11930 | D:8      | Reached XP level 10. HP: 86/91 MP: 13/13
 11976 | D:8      | Found a staircase to the Lair.
 12430 | D:9      | Reached ***** piety under Okawaru
 12431 | D:9      | Reached skill level 5 in Invocations
 13035 | D:10     | Entered Level 10 of the Dungeon
 13080 | D:10     | Received a gift from Okawaru
 13598 | D:10     | Identified the +2 pair of boots "Sophen" {rElec} (Okawaru
                  | gifted it to you on level 10 of the Dungeon)
 13598 | D:10     | Received a gift from Okawaru
 13704 | D:10     | Noticed Gastronok
 13728 | D:10     | Killed Gastronok
 13729 | D:10     | Reached XP level 11. HP: 80/101 MP: 15/15
 14111 | D:10     | Noticed a two-headed ogre
 14129 | D:10     | Killed a two-headed ogre
 14130 | D:10     | Reached skill level 11 in Unarmed Combat
 14347 | D:10     | Noticed a two-headed ogre
 14368 | D:10     | Killed a two-headed ogre
 14369 | D:10     | Reached skill level 5 in Short Blades
 14449 | D:10     | Found a bloodstained altar of Trog.
 14687 | D:10     | Reached skill level 5 in Evocations
 14976 | Lair:1   | Entered Level 1 of the Lair of Beasts
 15161 | Lair:1   | Noticed Erica
 15170 | Lair:1   | Killed Erica
 15557 | Lair:1   | Received a gift from Okawaru
 15682 | Lair:1   | Noticed Harold
 15728 | Lair:1   | Killed Harold
 16085 | Lair:1   | Reached XP level 12. HP: 113/113 MP: 17/17
 16566 | Lair:2   | Noticed a death yak
 16589 | Lair:2   | Noticed a death yak
 16589 | Lair:2   | Noticed a death yak
 16607 | Lair:2   | Noticed a death yak
 16613 | Lair:2   | Killed a death yak
 16615 | Lair:2   | Noticed a death yak
 16645 | Lair:2   | Killed a death yak
 16667 | Lair:2   | Killed a death yak
 16689 | Lair:2   | Killed a death yak
 16689 | Lair:2   | Reached ****** piety under Okawaru
 16706 | Lair:2   | Killed a death yak
 17285 | Lair:2   | Noticed a seven-headed hydra
 17287 | Lair:2   | Identified the +8 flail "Faunod" {vorpal, rN+} (Okawaru
                  | gifted it to you on level 2 of the Lair of Beasts)
 17287 | Lair:2   | Received a gift from Okawaru
 17295 | Lair:2   | Killed a seven-headed hydra
 17467 | Lair:2   | Identified 3 scrolls of acquirement
 17467 | Lair:2   | Acquired the ring "Wukkigih" {Will++ rCorr AC+4}
 17470 | Lair:2   | Acquired a manual of Invocations
 18278 | Lair:3   | Found a hole to the Spider Nest.
 18390 | Lair:3   | Reached skill level 12 in Unarmed Combat
 19184 | Lair:4   | Acquired a manual of Earth Magic
 19195 | Lair:3   | Learned a level 2 spell: Passwall
 19231 | Lair:4   | Learned a level 3 spell: Ozocubu's Armour
 19352 | Lair:4   | Received a gift from Okawaru
 19423 | Lair:4   | Found a staircase to the Shoals.
 19484 | Lair:4   | Reached skill level 1 in Ice Magic
 19515 | Lair:4   | Reached XP level 13. HP: 68/122 MP: 19/19
 19899 | Lair:4   | Reached skill level 1 in Spellcasting
 21079 | Lair:5   | Received a gift from Okawaru
 22167 | Lair:5   | Reached skill level 10 in Fighting
 22167 | Lair:5   | Reached skill level 10 in Invocations
 22293 | Lair:5   | Learned a level 7 spell: Ozocubu's Refrigeration
 22419 | Lair:6   | Entered Level 6 of the Lair of Beasts
 22493 | Lair:6   | Identified the +1 buckler of the Valley {Dex+4} (Okawaru
                  | gifted it to you on level 6 of the Lair of Beasts)
 22493 | Lair:6   | Received a gift from Okawaru
 23210 | Lair:6   | Noticed an azure jelly
 23231 | Lair:6   | HP: 6/124 [komodo dragon (21)]
 23236 | Lair:6   | HP: 1/124 [komodo dragon (5)]
 23245 | Lair:6   | Found a viscous altar of Jiyva.
 23246 | Lair:6   | Found a staircase to the Slime Pits.
 23254 | Lair:6   | HP: 1/186 [cane toad (8)]
 23254 | Lair:6   | Mangled by a komodo dragon

Illustrated notes

Levels and vault maps discovered:
D:1:      nzn_arrival_crosshair, layout_loops_ring,
          hellmonk_ecumenical_altar_crossroads, minmay_misc_feat_ornament
D:2:      layout_basic, serial_shops, shop
D:3:      layout_basic
D:4:      layout_loops_ring, temple_green, minmay_misc_feat_cross,
          serial_bayou_pond_b, grunt_decor_one_mirror
D:5:      layout_gridville, mainiacjoe_overflow_six_doors_small, hex_medium,
          minmay_small_thing
D:6:      layout_basic
D:7:      layout_gridville
D:8:      layout_gridville, erik_lair_dragon, serial_shops,
          nicolae_shop_waterfront, serial_rivers,
          chequers_serial_rivers_micro_b, chequers_serial_rivers_small_a,
          chequers_serial_rivers_micro_d, chequers_serial_rivers_micro_d,
          chequers_serial_rivers_micro_d, chequers_serial_rivers_micro_d,
          lemuel_flamethrower_2
D:9:      layout_rooms, minmay_crystal_room
D:10:     layout_basic, trog_book, uniq_gastronok
Temple:   mainiacjoe_temple_big_plus
Lair:1:   layout_misc_corridors, serial_bayou_pond_c, minivault_24, uniq_harold,
          uniq_erica
Lair:2:   layout_regular_city
Lair:3:   layout_small_grid, hellmonk_spider_entry_life_and_decay,
          serial_bayou_shore_a, grunt_megastairs_1
Lair:4:   layout_hall_layers, minmay_shoals_entry_centaurs, forest_entry_grove
Lair:5:   layout_cave_pods
Lair:6:   hellmonk_lair_end_abyssal_woods, layout_hall_layers, slime_altar_1,
          special_room [special_room_jelly]

Skill      XL: |  1  2  3  4  5  6  7  8  9 10 11 12 13 |
---------------+----------------------------------------+-----
Unarmed Combat | 4 5 6 7 9 10 11 12 | 12.6
Stealth        | 2 3 4 5 6 7 8 9 |  9.0
Dodging        | 3 4 5 6 7 8 |  8.6
Invocations    | 1 2 3 4 6 7 9 10 | 10.6
Fighting       | 4 5 6 7 8 9 10 | 10.0
Short Blades   | 3 4 6 7 8 |  8.1
Evocations     | 2 4 5 7 |  7.9
Ice Magic      | 1 4 |  4.2
Spellcasting   | 3 |  3.2

Action                   |  1- 3 |  4- 6 |  7- 9 | 10-12 | 13-15 || total
-------------------------+-------+-------+-------+-------+-------++-------
Melee: Unarmed           |    29 |   108 |   159 |       |       ||   296
       Tailslap          |    15 |    30 |    56 |   165 |   107 ||   373
       Dagger            |   102 |    91 |   142 |   782 |   506 ||  1623
       Punch             |     3 |    10 |    21 |    74 |    90 ||   198
Invok: Heroism           |       |     2 |     5 |    11 |     5 ||    23
       Finesse           |       |       |       |     2 |     1 ||     3
 Abil: Breathe Frost     |       |       |     5 |     2 |       ||     7
Evoke: Condenser vane    |       |       |       |     1 |     1 ||     2
       Wand              |       |       |       |       |     1 ||     1
  Use: Scroll            |     1 |     5 |     8 |     9 |     1 ||    24
       Potion            |       |     6 |       |       |     2 ||     8
 Stab: Sleeping          |     5 |     2 |     1 |    13 |     6 ||    27
       Distracted        |       |       |       |     1 |       ||     1
Armor: Skin              |    31 |    49 |    46 |   106 |    85 ||   317
Dodge: Dodged            |    77 |   109 |   120 |   263 |   188 ||   757
Block: Other             |       |    10 |    67 |    95 |    66 ||   238
       Reflection        |       |       |     2 |     8 |     1 ||    11
